 Dungeon Crawl Stone Soup version 0.20.0-10-g0535bb4 (webtiles) character file.

4845 Gorglomux the Grappler (level 10, -1/94 HPs)
             Began as a Troll Venom Mage on June 4, 2017.
             Was a Priest of Qazlal.
             Slain by a manticore (4 damage)
             ... on level 8 of the Dungeon.
             The game lasted 00:08:36 (5597 turns).

Gorglomux the Grappler (Troll Venom Mage)           Turns: 5597, Time: 00:08:37

Health: -1/94      AC:  5    Str: 18    XL:     10   Next: 25%
Magic:  12/12      EV: 10    Int: 11    God:    Qazlal [***...]
Gold:   330        SH:  4    Dex: 18    Spells: 10/11 levels left

rFire    + . .     SeeInvis +     - Unarmed
rCold    . . .     Gourm    +   (no shield)
rNeg     . . .     Faith    .   a - +0 robe
rPois    .         Spirit   .   (helmet restricted)
rElec    .         Reflect  .   (no cloak)
rCorr    .         Harm     .   (gloves unavailable)
MR       .....                  (boots unavailable)
Stlth    +.........             (no amulet)
Regen    0.7/turn               N - ring "Buri" {rF+ Dex+5}
MPRegen  0.2/turn               s - ring of see invisible

@: lethally poisoned (-1 -> -1)
A: unfitting armour, claws 3, fast metabolism 3, gourmand, regeneration 1,
shaggy fur 1, tough skin 2
a: Upheaval, Elemental Force, Renounce Religion


You were on level 8 of the Dungeon.
You worshipped Qazlal.
Qazlal was most pleased with you.
You were completely stuffed.

You visited 2 branches of the dungeon, and saw 9 of its levels.

You collected 330 gold pieces.

Inventory:

Armour
 a - a +0 robe (worn)
 f - a +0 cloak
Jewellery
 j - an uncursed ring of magical power
 s - a ring of see invisible (right claw)
 N - the ring "Buri" (left claw) {rF+ Dex+5}
   (You found it on level 6 of the Dungeon)

   [ring of protection from fire]

   It affects your dexterity (+5).
   It protects you from fire.
 Y - an uncursed amulet of magic regeneration {unknown}
Wands
 D - a wand of digging (6/24)
 E - a wand of enslavement (7/24)
 L - a wand of lightning (6/15)
 P - a wand of paralysis (13/24)
 X - a wand of disintegration (14/24)
 Z - a wand of digging (9/24)
Scrolls
 d - 4 scrolls of remove curse
 h - 3 scrolls of identify {unknown}
 p - 2 scrolls of magic mapping {unknown}
 q - 2 scrolls of teleportation {unknown}
 r - 2 scrolls of recharging {unknown}
 K - 2 scrolls of enchant armour {unknown}
 M - 2 scrolls of noise {unknown}
 T - a scroll of amnesia {unknown}
 W - 2 scrolls of blinking {unknown}
Potions
 g - 2 potions of brilliance {unknown}
 l - 2 potions of might {unknown}
 n - a potion of haste {unknown}
 o - 2 potions of agility {unknown}
 I - a potion of berserk rage {unknown}
 O - a potion of mutation {unknown}
 Q - a potion of curing
 S - a potion of flight {unknown}
 U - 2 potions of ambrosia {unknown}
 V - 3 potions of lignification {unknown}
Books
 b - a Young Poisoner's Handbook

   Spells                             Type                      Level
   a - Sting                          Conjuration/Poison           1
   b - Poisonous Vapours              Poison/Air                   2
   c - Mephitic Cloud                 Conjuration/Poison/Air       3
   d - Olgreb's Toxic Radiance        Poison                       4
   e - Venom Bolt                     Conjuration/Poison           5
Comestibles
 c - 5 bread rations
 z - a meat ration
 R - 3 fruits


   Skills:
 + Level 4.5 Fighting
 + Level 4.5 Armour
 - Level 1.5 Dodging
 - Level 1.0 Stealth
 + Level 11.3 Unarmed Combat
 - Level 1.2 Spellcasting
 - Level 0.6 Conjurations
 - Level 2.1 Poison Magic
 + Level 5.0 Invocations


You had 10 spell levels left.
You knew the following spells:

 Your Spells              Type           Power        Failure   Level  Hunger
a - Sting                 Conj/Pois      #...         19%         1    ##.....


Dungeon Overview and Level Annotations

Branches:
Dungeon (8/15)             Temple (1/1) D:6
   Lair: D:8-11

Altars:
Cheibriados
Dithmenos
Fedhas
Hepliaklqana
Makhleb
Qazlal
Ru
Sif Muna
Trog
Xom
The Shining One


Innate Abilities, Weirdness & Mutations

You are too large for most types of armour.
You have claws for hands.
Your metabolism is lightning-fast.
You like to eat raw meat.
Your natural rate of healing is unusually fast.
You are covered in fur. (AC +1)
You have very tough skin. (AC +2)


Message History

The manticore completely misses you. The manticore closely misses you.
The orc hits you with a mace.
You barely miss the manticore.
The manticore is moderately wounded.
You feel sick. The manticore bites you!
* * * LOW HITPOINT WARNING * * *
The manticore claws you.
* * * LOW HITPOINT WARNING * * *
The manticore claws you.
* * * LOW HITPOINT WARNING * * *
You are too injured to fight recklessly!
Unknown command.
You claw the manticore!
The manticore is moderately wounded.
The orc closely misses you. The manticore bites you.
* * * LOW HITPOINT WARNING * * *
The manticore claws you!
* * * LOW HITPOINT WARNING * * *
The manticore claws you.
You die...

#.....##.
######...###
............#
#########..##
#...# #...#
#####..##
#...)o.#
....###@## ..
#H# #.# ..#
.l. .... ....
......


You could see a manticore, an iguana and an orc.

Vanquished Creatures
  A two-headed ogre (D:7)
  The ghost of Gorglomux the Grappler, a novice TrVM (D:7)
  Maurice (D:8)
  A komodo dragon (D:8)
  The ghost of maniacrov the Poker, an amateur MfGl of Okawaru (D:3)
  A hungry ghost (D:7)
  Sigmund (D:5)
  Menkaure (D:4)
  2 orc warriors (D:7)
  A black bear (D:7)
  2 ice beasts
  A sky beast (D:6)
  3 ogres
  A phantom (D:4)
  3 centaurs
  A bullfrog (D:6)
  A wyvern skeleton (D:7)
  3 howler monkeys
  2 crimson imps (D:6)
  A hound (D:4)
  8 orc priests
  12 orc wizards
  Ijyb (D:3)
  2 bullfrog skeletons
  Natasha (thrice) (D:3)
  An iguana (D:4)
  3 worker ants
  2 worker ant zombies (D:3)
  A howler monkey skeleton (D:7)
  14 adders
  A shadow imp (D:7)
  A white imp (D:4)
  2 adder skeletons (D:3)
  3 worms
  4 dart slugs
  6 leopard geckos
  34 orcs
  14 bats
  6 giant cockroaches
  10 goblins
  6 hobgoblins
  5 jackals
  6 kobolds
  2 frilled lizards
  2 goblin zombies (D:4)
  A hobgoblin zombie (D:4)
  3 jackal zombies
  A leopard gecko skeleton (D:3)
  5 orc skeletons (D:4)
  A quokka skeleton (D:5)
  6 rats
195 creatures vanquished.

Notes
Turn   | Place    | Note
-------+----------+-------------------------------------------
     0 | D:1      | Gorglomux the Troll Venom Mage began the quest for the Orb.
     0 | D:1      | Reached XP level 1. HP: 16/16 MP: 1/1
    69 | D:1      | Reached skill level 1 in Unarmed Combat
    78 | D:1      | Reached XP level 2. HP: 18/24 MP: 2/2
   198 | D:1      | Reached skill level 2 in Unarmed Combat
   538 | D:1      | Reached XP level 3. HP: 31/31 MP: 3/3
   654 | D:2      | Found a stormy altar of Qazlal.
   698 | D:2      | Reached skill level 3 in Unarmed Combat
   887 | D:2      | Became a worshipper of Qazlal Stormbringer
   913 | D:2      | Reached XP level 4. HP: 31/39 MP: 4/4
  1073 | D:2      | Reached skill level 4 in Unarmed Combat
  1310 | D:3      | Noticed Natasha
  1319 | D:3      | Killed Natasha
  1322 | D:3      | Noticed maniacrov's ghost (amateur MfGl)
  1542 | D:3      | Reached XP level 5. HP: 45/45 MP: 5/5
  1551 | D:3      | Reached * piety under Qazlal
  1577 | D:3      | Noticed Ijyb
  1582 | D:3      | Noticed Natasha
  1585 | D:3      | Killed Ijyb
  1585 | D:3      | Reached skill level 5 in Unarmed Combat
  1589 | D:3      | Killed maniacrov's ghost
  1589 | D:3      | Reached skill level 6 in Unarmed Combat
  1589 | D:3      | Reached XP level 6. HP: 53/53 MP: 6/6
  1593 | D:3      | Killed Natasha
  1665 | D:3      | Noticed Natasha
  1676 | D:3      | Killed Natasha
  1822 | D:3      | Reached skill level 7 in Unarmed Combat
  1893 | D:4      | Reached XP level 7. HP: 42/59 MP: 7/7
  1903 | D:4      | Found a glowing golden altar of the Shining One.
  1989 | D:4      | Reached ** piety under Qazlal
  2036 | D:4      | Noticed Menkaure
  2039 | D:4      | Killed Menkaure
  2039 | D:4      | Reached skill level 8 in Unarmed Combat
  2594 | D:5      | Entered Level 5 of the Dungeon
  2668 | D:5      | Noticed Sigmund
  2686 | D:5      | Reached skill level 9 in Unarmed Combat
  2687 | D:5      | HP: 1/59 [something (9)]
  2698 | D:5      | Killed Sigmund
  2698 | D:5      | Reached XP level 8. HP: 18/67 MP: 8/8
  2897 | D:5      | Reached skill level 10 in Unarmed Combat
  2940 | D:5      | Found a snail-covered altar of Cheibriados.
  2940 | D:5      | Found a deep blue altar of Sif Muna.
  3104 | D:5      | Found a shimmering altar of Xom.
  3280 | D:6      | Reached skill level 1 in Fighting
  3280 | D:6      | Reached skill level 1 in Armour
  3280 | D:6      | Reached skill level 1 in Invocations
  3453 | D:6      | Found a faded altar of an unknown god.
  3455 | D:6      | Found a staircase to the Ecumenical Temple.
  3525 | D:6      | Reached *** piety under Qazlal
  3535 | D:6      | Got a slimy bronze ring
  3537 | D:6      | Identified the ring "Buri" {rF+ Dex+5} (You found it on level 6 of the Dungeon)
  4218 | D:6      | Reached XP level 9. HP: 77/79 MP: 9/9
  4434 | Temple   | Entered the Ecumenical Temple
  4490 | D:7      | Noticed Gorglomux's ghost (novice TrVM)
  4692 | D:7      | Reached skill level 3 in Invocations
  4782 | D:7      | Reached skill level 3 in Armour
  4955 | D:7      | Reached skill level 3 in Fighting
  5023 | D:7      | Killed Gorglomux's ghost
  5160 | D:7      | Reached skill level 11 in Unarmed Combat
  5434 | D:8      | Noticed a two-headed ogre
  5434 | D:8      | Noticed Maurice
  5518 | D:7      | Killed a two-headed ogre
  5518 | D:7      | Reached XP level 10. HP: 62/93 MP: 12/12
  5556 | D:8      | Killed Maurice
  5588 | D:8      | Noticed a manticore
  5597 | D:8      | HP: 3/94 [manticore (11)]
  5597 | D:8      | Slain by a manticore

Skill      XL: |  1  2  3  4  5  6  7  8  9 10 |
---------------+-------------------------------+-----
Unarmed Combat | 1 2 3 4 6 7 9 10 11 | 11.3
Fighting       | 2 4 |  4.5
Armour         | 2 4 |  4.5
Invocations    | 2 4 5 |  5.0
Dodging        | |  1.5
Stealth        | |  1.0
Spellcasting   | |  1.2
Conjurations   | |  0.6
Poison Magic   | |  2.1

Action                   |  1- 3 |  4- 6 |  7- 9 | 10-12 || total
-------------------------+-------+-------+-------+-------++-------
Melee: Unarmed           |   104 |   127 |   311 |    25 ||   567
       Punch             |     2 |     1 |    12 |     3 ||    18
 Cast: Sting             |       |       |     1 |       ||     1
Evoke: Wand              |       |       |       |     2 ||     2
  Use: Potion            |       |     1 |     3 |     1 ||     5
       Scroll            |       |     1 |       |       ||     1
 Stab: Distracted        |     1 |       |       |       ||     1
       Sleeping          |       |     2 |       |       ||     2
       Paralysed         |       |       |       |     3 ||     3
  Eat: Chunk             |    14 |     9 |    37 |     2 ||    62
Armor: Robe              |    64 |    45 |    53 |     5 ||   167
Dodge: Dodged            |    80 |    66 |   118 |    16 ||   280
Block: Other             |       |     3 |    34 |     7 ||    44
